AoeStats
← Commander-Maximus

Arabian Desert

510537151Analyzed
1v1 RM · 1d ago on Oct 1, 2026· 37m 34s· 2 players
Game mode
Random Map
Map size
Tiny (2 player)
Population
200
Speed
Normal
Resources
Standard
Victory
Conquest
Starting age
Dark Age
Ending age
Imperial Age
RankedLock teamsTeams togetherTeam positionsShared explorationLock speedFull tech treeHidden civsTurbo modeCheats
Victory
Defeat
🇨🇦 Bulgarians · Canada
1091
+15
🇺🇾 Goths · Uruguay
1080
-15
DrCool
0:56 Loom
9:32 Feudal Age
10:10 Man-at-Arms
11:07 Double-Bit Axe
12:40 Scale Mail Armor
14:20 Fletching
15:48 Horse Collar
20:45 Padded Archer Armor
21:54 Forging
25:56 Castle Age
26:06 Long Swordsman
26:46 Squires
27:03 Chain Mail Armor
26:44 Bodkin Arrow
27:29 Wheelbarrow
27:10 Bow Saw
34:30 Pikeman
Commander-Maximus
7:14 Loom
9:55 Feudal Age
10:33 Double-Bit Axe
11:46 Wheelbarrow
14:06 Scale Barding Armor
15:40 Forging
15:53 Fletching
17:17 Padded Archer Armor
20:22 Horse Collar
25:51 Castle Age
26:33 Bodkin Arrow
28:45 Hand Cart
29:11 Chain Barding Armor
32:32 Town Watch
34:01 Gold Mining
35:19 Gold Shaft Mining
Connection lost

Rejoining the realm…

Still unreachable

The connection could not be restored.

Session expired

The server has moved on; the page needs a fresh start.